 Dungeon Crawl Stone Soup version 0.30.1-11-g7821555f0a (webtiles) character file.

Game seed: 8024827455987313333

296 MoonRiver the Chopper (level 6, 0/48 HPs)
             Began as a Draconian Wanderer on Dec 7, 2023.
             Succumbed to a scorpion's poison
             ... on level 4 of the Dungeon.
             The game lasted 00:09:44 (2846 turns).

MoonRiver the Chopper (Draconian Wanderer)          Turns: 2846, Time: 00:09:45

Health: 0/48       AC:  7    Str: 21    XL:     6   Next: 12%
Magic:  6/6        EV: 14    Int:  9    God:
Gold:   130        SH: 12    Dex: 12    Spells: 5/5 levels left

rFire   + . .        a - +3 hand axe
rCold   + . .        i - +0 tower shield of Music {Will+ rCorr Str+3}
rNeg    . . .        (body armour unavailable)
rPois   +            (helmet restricted)
rElec   +            q - +0 cloak
rCorr   +            (no gloves)
SInv    .            (no boots)
Will    +....        (no amulet)
Stlth   +            k - ring of poison resistance
HPRegen 0.28/turn    h - +5 ring of evasion
MPRegen 0.10/turn

%: no passive effects
@: brilliant, lethally poisoned (0 -> -1), resistant, attractive
A: AC +6, unfitting armour, cold-blooded
a: no special abilities


You were on level 4 of the Dungeon.
You visited 1 branch of the dungeon, and saw 4 of its levels.

You collected 130 gold pieces.

Inventory:

Hand Weapons
 a - a +3 hand axe (weapon)
 c - a +4 longbow of electrocution
Armour
 i - the +0 tower shield of Music (worn) {Will+ rCorr Str+3}
   (You found it on level 3 of the Dungeon)

   Str:       It affects your strength (+3).
   rCorr:     It protects you from acid and corrosion.
   Will:      It increases your willpower.
 q - a +0 cloak (worn)
Jewellery
 f - a ring of flight
 h - a +5 ring of evasion (right hand)
 k - a ring of poison resistance (left hand)
 m - a +4 ring of slaying
Scrolls
 j - a scroll of teleportation
 l - 2 scrolls of fog


   Skills:
 + Level 1.9 Fighting
 + Level 6.4 Axes
 + Level 2.0 Staves
 + Level 2.0 Dodging
 - Level 0.2 Stealth
 * Level 4.3 Shields


You had 5 spell levels left.
You didn't know any spells.
Your spell library was empty.

Dungeon Overview and Level Annotations

Branches:
Dungeon (4/15)
 Temple: D:4-7

Altars:

Shops:
D:1 [


Innate Abilities, Weirdness & Mutations

Your plain brown scales are hard. (AC +6)
You cannot fit into any form of body armour.
You are cold-blooded and may be slowed by cold attacks.


Message History

You block the black bear's attack. The black bear bites you.
* * * LOW HITPOINT WARNING * * *
The black bear claws you but does no damage.
The black bear barely misses you.
You hit the black bear.
The black bear is almost dead.
The black bear completely misses you. You block the black bear's attack. x3
The black bear claws you.
* * * LOW HITPOINT WARNING * * *
The black bear completely misses you.
You hit the black bear.
You kill the black bear!
A scorpion comes into view.
The scorpion stings you.
* * * LOW HITPOINT WARNING * * *
You are lethally poisoned!
The scorpion poisons you!
Your Dodging skill increases to level 2!
You have reached level 6!
Your scales feel tougher.
You barely miss the scorpion.
* * * LOW HITPOINT WARNING * * *
You feel sick. The scorpion barely misses you.
You hit the scorpion but do no damage.
Your tail-slap misses the scorpion.
* * * LOW HITPOINT WARNING * * *
You feel sick. The scorpion barely misses you. x2
It was a potion of brilliance.
You feel clever all of a sudden.
* * * LOW HITPOINT WARNING * * *
You feel sick. You block the scorpion's attack.
It was a potion of resistance.
You feel protected.
* * * LOW HITPOINT WARNING * * *
You feel sick. You block the scorpion's attack.
It was a potion of attraction.
You feel attractive to monsters.
* * * LOW HITPOINT WARNING * * *
You feel sick. The scorpion closely misses you.
Unknown command.
You die...

+.##''##...#.#
###8..8##....#
#8....8#.#.##
#.....)#.#.#
#.....|#...#
#8....8#..##
#####8..8##..#
##.'.##)'##..##
#@##........##
##s#......###
##.#.####
#....# ...####
..## .##


You could see a scorpion.

Vanquished Creatures
  A black bear (D:4)
  Natasha (twice) (D:3)
  7 adders
  A shadow imp (D:4)
  An ufetubus (D:4)
  3 worms
  3 dart slugs
  An orc (D:4)
  A ball python (D:1)
  10 endoplasms
  3 giant cockroaches
  6 hobgoblins
  7 jackals
  4 kobolds (D:2)
  A quokka (D:1)
  4 frilled lizards
  3 goblins (D:3)
  6 rats
64 creatures vanquished.

Notes
Turn   | Place    | Note
-------+----------+-------------------------------------------
     0 | D:1      | MoonRiver the Draconian Wanderer began the quest for the
                  | Orb.
     0 | D:1      | MoonRiver set off with the following items: a +2 hand axe,
                  | a +0 quarterstaff, a +0 buckler, a scroll of silence.
     0 | D:1      | Reached XP level 1. HP: 14/14 MP: 1/1
   301 | D:1      | Reached XP level 2. HP: 8/20 MP: 2/2
   662 | D:1      | Found Baepubras's Armour Boutique.
   805 | D:1      | Found a faded altar of an unknown god.
  1020 | D:2      | Reached XP level 3. HP: 12/26 MP: 3/3
  1217 | D:2      | Reached skill level 1 in Dodging
  1455 | D:2      | Reached XP level 4. HP: 31/34 MP: 4/4
  1924 | D:3      | Reached skill level 1 in Fighting
  2060 | D:3      | Identified the +0 tower shield of Music {Will+ rCorr Str+3}
  2096 | D:3      | Reached skill level 6 in Axes
  2141 | D:3      | Noticed Natasha
  2162 | D:3      | Killed Natasha
  2163 | D:3      | Reached XP level 5. HP: 33/40 MP: 5/5
  2352 | D:3      | Noticed Natasha
  2359 | D:3      | Killed Natasha
  2587 | D:4      | Found a large runed translucent door.
  2588 | D:4      | Found a large runed translucent door.
  2590 | D:4      | Found a large runed translucent door.
  2590 | D:4      | Found a large runed translucent door.
  2827 | D:4      | Noticed a black bear
  2840 | D:4      | Killed a black bear
  2841 | D:4      | Reached XP level 6. HP: 6/48 MP: 6/6
  2843 | D:4      | HP: 2/48 [poisoned by a scorpion]
  2846 | D:4      | Succumbed to a scorpion's poison

Illustrated notes

Levels and vault maps discovered:
D:1:      dpeg_arrival_rooms_b, layout_basic, serial_forest,
          infiniplex_forest_lined_1, infiniplex_forest_corner_2,
          infiniplex_forest_clump_tiny, infiniplex_forest_fountain,
          infiniplex_forest_fountain, infiniplex_forest_clump_long,
          infiniplex_forest_clump_tiny, infiniplex_forest_clump_C,
          dreamdust_ecumenical_altar_angels_and_demons, serial_shops, shop
D:2:      layout_loops_ring
D:3:      layout_loops_ring, uniq_natasha
D:4:      layout_loops_ring, minmay_hollow_rounded_squares

Skill      XL: |  1  2  3  4  5 |
---------------+----------------+-----
Dodging        | 1 2 |  2.0
Fighting       | 1 |  1.9
Axes           | 6 |  6.4
Shields        | 4 |  4.3
Staves         | |  2.0
Stealth        | |  0.2

Action                     |  1- 3 |  4- 6 || total
---------------------------+-------+-------++-------
  Melee: Hand axe          |   166 |   121 ||   287
         Tailslap          |    34 |    14 ||    48
    Use: Scroll            |       |     9 ||     9
         Potion            |       |     3 ||     3
 Armour: Skin              |    17 |    33 ||    50
  Dodge: Dodged            |    56 |    72 ||   128
  Block: Buckler           |    22 |     6 ||    28
         Tower shield      |       |    74 ||    74
